 Dungeon Crawl Stone Soup version 0.31.0-32-g396128a36d (webtiles) character file.

Game seed: 5299383957667387035

4279 jake20062024 the Covert (level 10, -2/3 HPs)
             Began as a Felid Air Elementalist on Apr 10, 2024.
             Was an Initiate of Hepliaklqana.
             Slain by Maurice
             ... wielding a +0 short sword of speed
              (5 damage)
             ... on level 9 of the Dungeon.
             The game lasted 00:32:41 (11091 turns).

jake20062024 the Covert (Felid Air Elementalist)   Turns: 11091, Time: 00:32:42

Health: -2/3       AC:  0    Str:  4    XL:     10   Next: 10%
Magic:  29/29      EV: 27    Int: 24    God:    Hepliaklqana [......]
Gold:   357        SH:  0    Dex: 16    Spells: 16/21 levels left
                                        Lives:  0   Deaths: 4

rFire   . . .        (weapon unavailable)
rCold   . . .        (shield unavailable)
rNeg    . . .        (body armour unavailable)
rPois   ∞            (helmet unavailable)
rElec   +            (cloak unavailable)
rCorr   .            (gloves unavailable)
SInv    +            (boots unavailable)
Will    +....        (no amulet)
Stlth   ++++         i - ring of magical power
HPRegen 0.20/turn    j - +5 ring of evasion
MPRegen 0.21/turn

%: no passive effects
@: storm-form, flying
A: cleaving, insubstantial, flying, reduced hp, very small, (claws 1), (fangs
3), see invisible, (shaggy fur 2), (stealthy paws), no weapons or thrown items,
no armour, multi-lived, frail 1
a: Blinkbolt, Begin Untransformation, Renounce Religion


You were on level 9 of the Dungeon.
You worshipped Hepliaklqana.
Hepliaklqana was noncommittal.
You were a lightning-filled tempest!
You visited 2 branches of the dungeon, and saw 10 of its levels.

You collected 357 gold pieces.

Inventory:

Jewellery
 h - a +4 ring of protection
 i - a ring of magical power (left paw)
 j - a +5 ring of evasion (right paw)
 k - a ring of willpower
 q - a +6 ring of strength
 s - a ring of resist corrosion
Talismans
 e - a storm talisman (active)
Wands
 o - a wand of roots (10)
Scrolls
 b - 4 scrolls of enchant armour
 c - 4 scrolls of teleportation
 d - 2 scrolls of poison
 f - 2 scrolls of vulnerability
 g - 2 scrolls of enchant weapon
 m - a scroll of blinking
 p - 2 scrolls of fog
 r - a scroll of fear {unknown}
Potions
 a - a potion of magic
 l - a potion of enlightenment
 n - 3 potions of attraction
 t - a potion of invisibility {unknown}


   Skills:
 + Level 9.1 Dodging
 + Level 9.8 Stealth
 + Level 6.3 Spellcasting
 - Level 0.8 Conjurations
 * Level 9.0 Air Magic


You had 16 spell levels left.
You knew the following spells:

 Your Spells              Type           Power      Damage    Failure   Level
a - Shock                 Conj/Air       100%       1d9       1%          1
b - Airstrike             Air            25%        2d(4-20)  1%          4

Your spell library contained the following spells:

 Spells                   Type           Power      Damage    Failure   Level
 Static Discharge         Conj/Air       62%        3-6/arc   1%          2
 Swiftness                Air            50%        N/A       1%          3
 Magic Dart               Conj           44%        1d5       5%          1
 Searing Ray              Conj           22%        2d5       9%          2
 Momentum Strike          Conj/Tloc      18%        3d8       10%         2
 Blink                    Tloc           14%        N/A       12%         2
 Lesser Beckoning         Tloc           14%        N/A       12%         2
 Fulminant Prism          Conj/Alch      4%         3d5       54%         4


Dungeon Overview and Level Annotations

Branches:
Dungeon (9/15)             Temple (1/1) D:7             Orc (0/2) D:9
   Lair: D:8-11

Altars:
Ashenzari
Dithmenos
Elyvilon
Fedhas
Gozag
Hepliaklqana
Kikubaaqudgha
Makhleb
Nemelex Xobeh
Okawaru
Qazlal
Ru
Sif Muna
Trog
Uskayaw
Vehumet
Wu Jian
Xom
Zin
The Shining One

Shops:
D:6 [   D:7 (

Annotations:
D:8 1 runed translucent door, Archion's ghost, novice GnWn
D:9 Maurice


Innate Abilities, Weirdness & Mutations

You are a lightning-filled tempest!
Your electrical attacks strike out in all directions at once.
You are incredibly evasive.
Your insubstantial body is immune to petrification, constriction, and being set on fire You are flying.
Your maximum health is decreased, since you lack skill for your form.
You are immune to poison.
((You have sharp claws.))
((You have razor-sharp teeth.))
You have supernaturally acute eyesight. (SInv)
((You are covered in thick fur. (AC +2)))
((Your paws help you pounce on unaware monsters.))
You are incapable of wielding weapons or throwing items.
You cannot wear armour.
You gain extra lives every three experience levels.
You are frail. (-10% HP)


Message History

The orc warrior is heavily wounded.
The orc priest looks braver for a moment.
The zap hits the orc priest.
You kill the orc priest!
The zap hits the orc warrior.
The orc warrior is heavily wounded.
The zap hits the orc warrior.
The orc warrior is severely wounded.
The zap hits the orc warrior!
The orc warrior is almost dead.
The zap hits the orc warrior.
The orc warrior is almost dead.
The orc warrior completely misses you.
The zap hits the orc warrior.
You kill the orc warrior!
Your Air Magic skill increases to level 9!
Things that are here:
a +0 long sword; 3 boomerangs; a +0 chain mail
Items here: )) [[ †.
You now have 337 gold pieces (gained 14).
c - 4 scrolls of teleportation (gained 1)
t - a metallic silvery potion
Found a stone staircase leading up.
You now have 357 gold pieces (gained 20).
Found a robe.
Maurice the Thief comes into view.
He is wielding a +0 short sword of speed and carrying a wand of roots.
Maurice is nearby!
Maurice is nearby!
Maurice shouts!
You see here a +0 robe.
Maurice completely misses you. x2; Maurice closely misses you.
Maurice misses you.
You barely miss Maurice. Maurice closely misses you. x2
You barely miss Maurice.
Maurice gestures wildly while chanting.
Maurice flickers and vanishes for a moment.
You closely miss Maurice.
Maurice hits you with a +0 short sword of speed.
Ouch! That really hurt!
You die...

#.. #.. #.# #.# ##
#.# .###.##.#
.......f#.#
##.....v#.#
.......[#.#
#.......#.#
#.#...#.#.#
#.##.##.#.# ##.###
#.#.# .#
####..#####.#.# .#
#.............#
.#####.##........###


You could see Maurice (invisible).

Vanquished Creatures
  A wyvern (D:8)
  A vampire (D:9)
  Eustachio (D:5)
  A water moccasin (D:5)
  5 orc warriors
  2 sky beasts (D:8)
  3 black bears
  An ogre (D:4)
  A phantom (D:3)
  Blork the orc (D:6)
  2 bullfrogs
  A gnoll sergeant (D:6)
  3 scorpions
  18 wights
  10 killer bees (D:8)
  2 bombardier beetles (D:5)
  Crazy Yiuf (D:5)
  6 orc priests
  2 jellies
  A hound (D:5)
  2 sleepcaps
  4 iguanas
  3 orc wizards
  Robin (D:4)
  10 gnolls
  6 adders
  2 ufetubi (D:6)
  4 dart slugs
  3 ribbon worms
  22 orcs
  6 endoplasms
  2 giant cockroaches (D:2)
  14 goblins
  13 hobgoblins
  11 jackals
  3 quokkas
  7 ball pythons
  7 bats
  3 frilled lizards
  6 kobolds
  4 rats
196 creatures vanquished.

Notes
Turn   | Place    | Note
-------+----------+-------------------------------------------
     0 | D:1      | jake20062024 the Felid Air Elementalist began the quest for
                  | the Orb.
     0 | D:1      | Reached XP level 1. HP: 9/9 MP: 4/4
   146 | D:1      | You fall into a shaft and drop 1 floor!
   161 | D:2      | Reached XP level 2. HP: 12/13 MP: 0/6
   392 | D:1      | Reached XP level 3. HP: 16/16 MP: 2/7
  1989 | D:2      | Reached XP level 4. HP: 21/21 MP: 4/8
  1989 | D:2      | Gained a life (2 lives remaining)
  2800 | D:3      | Found a sparkling altar of Nemelex Xobeh.
  2810 | D:3      | Found a broken altar of Ashenzari.
  2810 | D:3      | Found a stormy altar of Qazlal.
  2811 | D:3      | Found a white marble altar of Elyvilon.
  2866 | D:3      | Found a radiant altar of Vehumet.
  2881 | D:3      | Reached XP level 5. HP: 23/24 MP: 5/10
  3098 | D:3      | Noticed a phantom
  3106 | D:3      | Killed a phantom
  3447 | D:3      | Found a hazy altar of Hepliaklqana.
  3957 | D:4      | Found a burning altar of Makhleb.
  4008 | D:4      | Noticed Robin
  4020 | D:4      | Killed Robin
  4030 | D:4      | Gained mutation: You are covered in thick fur. (AC +2)
                  | [Felid growth]
  4030 | D:4      | Reached XP level 6. HP: 28/28 MP: 0/11
  4176 | D:4      | Reached skill level 5 in Stealth
  4893 | D:5      | Entered Level 5 of the Dungeon
  4906 | D:5      | Learned a level 4 spell: Airstrike
  4909 | D:5      | Gained mutation: You are frail. (-10% HP) [potion of
                  | mutation]
  5018 | D:5      | Noticed a water moccasin
  5037 | D:5      | Reached skill level 5 in Dodging
  5037 | D:5      | Killed a water moccasin
  5038 | D:5      | Reached skill level 5 in Air Magic
  5038 | D:5      | Reached XP level 7. HP: 27/28 MP: 5/13
  5167 | D:5      | Mangled by a wight
  5167 | D:5      | Lost a life (1 life remaining)
  5236 | D:5      | HP: 1/28 [burnt (5)]
  5237 | D:5      | Incinerated by a bombardier beetle
  5237 | D:5      | Lost a life (0 lives remaining)
  5531 | D:5      | Reached XP level 8. HP: 18/32 MP: 14/15
  5531 | D:5      | Gained a life (1 life remaining)
  5637 | D:5      | Found an opulent altar of Gozag.
  5758 | D:5      | Noticed Eustachio
  5772 | D:5      | Killed Eustachio
  6045 | D:5      | Found a runed translucent door.
  6046 | D:5      | Noticed Crazy Yiuf
  6101 | D:5      | Killed Crazy Yiuf
  6391 | D:6      | Found Nalimaps's Antique Armour Shoppe.
  6809 | D:6      | Noticed Blork the orc
  6813 | D:6      | Killed Blork the orc
  7007 | D:6      | Found an iron altar of Okawaru.
  7148 | D:7      | Reached skill level 5 in Spellcasting
  7302 | D:7      | Reached XP level 9. HP: 35/35 MP: 17/17
  7333 | D:7      | Found Udi Kyge's Antique Weapon Shop.
  7462 | D:7      | Found a hide-covered altar of Uskayaw.
  7812 | D:7      | Found a glowing golden altar of the Shining One.
  7883 | D:7      | Found a staircase to the Ecumenical Temple.
  8443 | D:8      | Slain by an orc warrior
  8443 | D:8      | Lost a life (0 lives remaining)
  9138 | D:8      | Found a runed translucent door.
  9195 | D:8      | Noticed Archion's ghost (novice GnWn)
  9327 | D:8      | Reached XP level 10. HP: 39/39 MP: 20/20
  9327 | D:8      | Gained a life (1 life remaining)
  9839 | Temple   | Entered the Ecumenical Temple
 10547 | D:3      | Became a worshipper of Hepliaklqana the Forgotten
 10891 | D:9      | Found a staircase to the Orcish Mines.
 10990 | D:9      | Succumbed to a hornet's poison
 10990 | D:9      | Lost a life (0 lives remaining)
 11083 | D:9      | Noticed Maurice
 11091 | D:9      | Slain by Maurice

Illustrated notes

Levels and vault maps discovered:
D:1:      eino_arrival_water_cross, layout_loops_corners
D:2:      layout_loops_ring, nicolae_concentric_dashed_squares_wild
D:3:      layout_basic, worldfamousw_hep_ancestral_shrine,
          mainiacjoe_overflow_paths, nemelex_spade_bored_becter,
          chequers_temple_overflow_statue_of_worship, kennysheep_potato
D:4:      layout_rooms, lightli_temple_of_fire, uniq_robin
D:5:      layout_cave_pools, nicolae_gozag_cash_rules_everything_around_me,
          uniq_crazy_yiuf_cottage, uniq_eustachio
D:6:      layout_basic, nicolae_overflow_hidden_temple, serial_shops, shop,
          uniq_blork_the_orc
D:7:      layout_rooms, mainiacjoe_overflow_alcove_4,
          eat_drink_and_be_merry_uskayaw, minmay_temple_entry_from_below_a,
          serial_shops, shop
D:8:      layout_basic, ebering_ghost_reflecting_pool,
          hangedman_decor_diamond_cutter
D:9:      layout_loops_ring, kennysheep_slug_shrine, lemuel_doored_altar,
          uniq_maurice
Temple:   nicolae_temple_figure_zero

Skill      XL: |  1  2  3  4  5  6  7  8  9 10 |
---------------+-------------------------------+-----
Dodging        | 3 4 5 6 7 8 9 |  9.1
Stealth        | 3 4 5 6 8 9 |  9.8
Air Magic      | 3 4 5 6 7 8 9 |  9.0
Spellcasting   | 3 4 5 6 |  6.3
Conjurations   | |  0.8

Action                     |  1- 3 |  4- 6 |  7- 9 | 10-12 || total
---------------------------+-------+-------+-------+-------++-------
  Melee: Unarmed           |     5 |    17 |    10 |     3 ||    35
         Bite              |       |     2 |     3 |       ||     5
         Punch             |       |     1 |     1 |       ||     2
   Cast: Shock             |    88 |   198 |   395 |    29 ||   710
  Evoke: Wand              |       |       |     8 |     6 ||    14
    Use: Scroll            |     2 |     7 |     5 |       ||    14
         Potion            |     1 |     4 |     2 |       ||     7
 Armour: Skin              |    11 |    31 |    83 |     7 ||   132
  Dodge: Dodged            |    20 |    64 |   213 |    29 ||   326
   Form: Storm             |       |       |       |     1 ||     1
